 Dungeon Crawl Stone Soup version 0.30-a0-1112-gfb780f5df6 (webtiles) character file.

Game seed: 18055876040666150377

31 ytrimaz the Trooper (level 3, 29/29 HPs)
             Began as a Demonspawn Fighter on Apr 19, 2023.
             Quit the game on level 2 of the Dungeon.
             The game lasted 00:01:22 (1226 turns).

ytrimaz the Trooper (Demonspawn Fighter)            Turns: 1226, Time: 00:01:22

Health: 29/29      AC:  6    Str: 18    XL:     3   Next: 7%
Magic:  3/3        EV:  9    Int: 11    God:
Gold:   110        SH:  4    Dex: 12    Spells: 2/2 levels left

rFire   . . .      SeeInvis .    a - +0 war axe
rCold   . . .      Faith    .    c - +0 buckler
rNeg    . . .      Spirit   .    b - +0 scale mail
rPois   .          Reflect  .    (no helmet)
rElec   .          Rampage  .    (no cloak)
rCorr   .                        (no gloves)
Will    .....                    (no boots) Stlth
                                 (no amulet)
HPRegen 0.24/turn                (no ring)
MPRegen 0.08/turn                (no ring)

@: no status effects
A: big brain 1, weakness stinger 1
a: no special abilities


You were on level 2 of the Dungeon.
You visited 1 branch of the dungeon, and saw 2 of its levels.

You collected 110 gold pieces.


Innate Abilities, Weirdness & Mutations

You have an unusually large brain. (Int +2)
You have a small tail.


   Skills:
 - Level 3.2 Fighting
 + Level 2.2 Axes
 - Level 3.0 Armour
 + Level 3.1 Shields


You had 2 spell levels left.
You didn't know any spells.
Your spell library contained the following spells:

 Spells                   Type           Power      Damage    Failure   Level
 Ozocubu's Armour         Ice            0%         N/A       99%         3
 Ozocubu's Refrigeration  Ice            0%         4d7       100%        7

Inventory:

Hand Weapons
 a - a +0 war axe (weapon)
Armour
 b - a +0 scale mail (worn)
 c - a +0 buckler (worn)
Scrolls
 f - a scroll of identify
 i - 2 scrolls of immolation
 j - 2 scrolls of teleportation
 k - a scroll of noise
 m - a scroll of blinking {unknown}
Potions
 d - a potion of might
 e - a potion of haste {unknown}
 g - a potion of resistance
 h - 2 potions of curing
 l - a potion of attraction

Dungeon Overview and Level Annotations

Branches:
Dungeon (2/15) Zot: 10722

Altars:

..###.......###########.#
................>.......#
.########.#.##.#.########
.##.# #.#.##.#.# ....#
#.#.##.#.# ###.#
#.#......# ###.#
#.####.#.# ....#
#.#....#.# #####
#.#..#.#@# #.####.#.#
#......#.# #.######.# ###
#.# ###### #.# ...... .r.
###### #.# ##


You could see a quokka.


Message History

You hit the worm. The worm bites you but does no damage.
You barely miss the worm. The worm bites you. 😮 HP[-3]
You take 3 damage, and now have 18/24 hp.
You are too injured to fight recklessly!
Unknown command.
You slash the worm!
You kill the worm!
You are too injured to fight recklessly!
Unknown command.
Key pressed, stopping explore.
No target in view! 😕 HP[+2]
You regained 2 hp, and now have 20/24 hp.
Key pressed, stopping explore.
Found a stone staircase leading up. 😎 HP[+4]
Your hp is fully restored (24).
Found a stone staircase leading up.
h - 2 potions of curing (gained 1) Setting a skill training target for Axes at 16.0.
You now have 74 gold pieces (gained 6).
You now have 83 gold pieces (gained 9).
A giant cockroach comes into view.
A giant cockroach is nearby!
A giant cockroach is nearby!
You barely miss the giant cockroach. You tail-slap the giant cockroach.
The giant cockroach closely misses you. x2
You closely miss the giant cockroach.
The giant cockroach bites you but does no damage.
You block the giant cockroach's attack.
You closely miss the giant cockroach. The giant cockroach barely misses you.
You hit the giant cockroach but do no damage.
Your tail-slap misses the giant cockroach.
The giant cockroach bites you but does no damage. x2
Unknown command.
You closely miss the giant cockroach. The giant cockroach bites you.
The giant cockroach bites you but does no damage. 😕 HP[-1]
You take 1 damage, and now have 23/24 hp.
You slash the giant cockroach!
You kill the giant cockroach!
No target in view!
Unknown command.
You see here a giant cockroach corpse.
A rat comes into view. 😎 HP[+1]
Your hp is fully restored (24).
Found a stone staircase leading down.
A rat is nearby!
You hit the rat.
You kill the rat!
You have reached level 3!
Your experience leads to an increase in your attributes!
Increase (S)trength, (I)ntelligence, or (D)exterity?
You feel stronger. x2; Your demonic ancestry asserts itself...
Your brain expands. 😎 HP[+5] MP[+1]
You now have 29 max hp (+5).
Your hp is fully restored (29).
Your mp is fully restored (3).
You pick up Ozocubu's Autobiography and begin reading...
You add the spells Ozocubu's Armour and Ozocubu's Refrigeration to your library.
There is a stone staircase leading down here.
You now have 97 gold pieces (gained 14).
Key pressed, stopping explore.
You see here a giant cockroach corpse.
An endoplasm comes into view.
The endoplasm quivers.
An endoplasm is nearby!
An endoplasm is nearby!
An endoplasm is nearby!
You hit the endoplasm. You block the endoplasm's attack.
You slash the endoplasm!
You kill the endoplasm!
No target in view!
Unknown command.
Key pressed, stopping explore.
An endoplasm comes into view.
The endoplasm quivers.
An endoplasm is nearby!
An endoplasm is nearby!
The endoplasm hits you but does no damage.
You see here 13 gold pieces.
You slash the endoplasm!
You kill the endoplasm!
No target in view!
Unknown command.
No target in view!
No target in view!
f - a scroll of identify Unknown command.
You now have 110 gold pieces (gained 13).
You open the door.
There is an open door here.
Key pressed, stopping explore.
Found a stone staircase leading down.
Key pressed, stopping explore.
Key pressed, stopping explore.
A quokka comes into view.
Are you sure you want to abandon this character and quit the game? (Confirm with "yes".)

Skill      XL: |  1  2 |
---------------+-------+-----
Axes           | 2 |  2.2
Armour         | 3 |  3.0
Shields        | 3 |  3.1
Fighting       | |  3.2

Action                     || total
---------------------------++-------
  Melee: War axe           ||    53
         Tailslap          ||     5
    Use: Potion            ||     2
         Scroll            ||     4
 Armour: Scale mail        ||    19
  Dodge: Dodged            ||    26
  Block: Buckler           ||     6

Levels and vault maps discovered:
D:1:      elethiomel_arrival_shortcut, layout_basic, serial_bayou_lake_a
D:2:      minmay_alternating_diamond, layout_basic

Notes
Turn   | Place    | Note
-------+----------+-------------------------------------------
     0 | D:1      | ytrimaz the Demonspawn Fighter began the quest for the Orb.
     0 | D:1      | Reached XP level 1. HP: 18/18 MP: 1/1
     0 | D:1      | magus.rc [v1.9.6]
   212 | D:1      | HP: 1/18 [poisoned by a kobold]
   269 | D:1      | Reached skill level 2 in Axes
   312 | D:1      | Gained mutation: You have a small tail. [demonic ancestry]
   312 | D:1      | Reached XP level 2. HP: 24/24 MP: 2/2
   867 | D:2      | Reached skill level 3 in Armour
   867 | D:2      | Reached skill level 3 in Shields
   991 | D:2      | Gained mutation: You have an unusually large brain. (Int
                  | +2) [demonic ancestry]
   991 | D:2      | Reached XP level 3. HP: 29/29 MP: 3/3
   996 | D:2      | You add the spells Ozocubu's Armour and Ozocubu's
                  | Refrigeration to your library.
  1226 | D:2      | Quit the game

Vanquished Creatures
  A worm (D:2)
  2 ball pythons (D:1)
  6 endoplasms
  2 giant cockroaches
  2 goblins (D:1)
  2 hobgoblins (D:1)
  A quokka (D:1)
  A bat (D:1)
  4 kobolds (D:1)
  5 rats
26 creatures vanquished.

Vanquished Creatures (others)
  3 plants (D:1)
3 creatures vanquished.

Grand Total: 29 creatures vanquished

Table legend:
 A = Non-vault XP
 B = Vault XP
 C = Vault XP percentage of total XP
 D = Non-vault monster count
 E = Vault monster count
 F = Vault count percentage of total count
                 A         B        C        D         E       F
            +---------+---------+-------+---------+---------+-------
      Total |      45 |       0 |   0.0 |      26 |       0 |   0.0
            +---------+---------+-------+---------+---------+-------
        D:1 |      31 |       0 |   0.0 |      20 |       0 |   0.0
        D:2 |      14 |       0 |   0.0 |       6 |       0 |   0.0
            +---------+---------+-------+---------+---------+-------

Illustrated notes

Table legend:
 A = Kills in this place as a percentage of kills in the entire game.
 B = Kills by you in this place as a percentage of kills by you in the entire game.
 C = Kills by friends in this place as a percentage of kills by friends in the entire game.
 D = Other kills in this place as a percentage of other kills in the entire game.
 E = Experience gained in this place as a percentage of experience gained in the entire game.
 F = Experience gained in this place divided by the number of levels of this place that you have seen.
                   A       B       C       D       E      F
               +-------+-------+-------+-------+-------+----------------------
         Total | 100.0 | 100.0 |   N/A |   N/A | 100.0 |  22.5
       Dungeon | 100.0 | 100.0 |   N/A |   N/A | 100.0 |  22.5
               +-------+-------+-------+-------+-------+----------------------

Table legend: (Time is in decaauts)
 A = Elapsed time spent in this place.
 B = Non-inter-level travel time spent in this place.
 C = Inter-level travel time spent in this place.
 D = Time resting spent in this place.
 E = Time spent auto-exploring this place.
 F = Levels seen in this place.
 G = Mean time per level.
                   A        B        C        D        E       F      G
               +--------+--------+--------+--------+--------+-----+--------+
         Total |   1277 |   1273 |      4 |      0 |   1061 |   2 |  638.5 |
       Dungeon |   1277 |   1273 |      4 |      0 |   1061 |   2 |  638.5 |
               +--------+--------+--------+--------+--------+-----+--------+

Top non-repeatable levels by time:
     D:1: 906 daAuts
     D:2: 370 daAuts
